Phantoms vs Eagles
Created - April 27, 2021 at 19:31
Goals
|
| Phantoms |
2 |
0 |
3 |
5 |
| Eagles |
1 |
0 |
0 |
1 |
|
Shots
|
| Phantoms |
11 |
12 |
21 |
44 |
| Eagles |
7 |
14 |
10 |
31 |
|
1st period
1. Phantoms , Michael Bournival 41 (Tyler Randell 40, Tyler Brenner 55) at 5:41 (PP)
2. Phantoms , Tomas Kubalik 41 (Calle Jarnkrok 45) at 13:32
3. Eagles , Mark Mancari 53 (Vincent Trocheck 68, John Ramage 13) at 14:16
Penalties :
Vincent Trocheck (Col) for Hooking (Minor) at 5:35, Stefan Elliott (Col) for Holding (Minor) at 9:57
2nd period
No Goal
Penalties :
Calle Jarnkrok (Leh) for Interference (Minor) at 14:49, Stefan Elliott (Col) for Holding (Minor) at 19:04
3rd period
4. Phantoms , Tomas Kubalik 42 (Calle Jarnkrok 46) at 3:29
5. Phantoms , Tyler Brenner 30 (Tyler Randell 41) at 15:45 (PP)
6. Phantoms , Travis Konecny 32 (Blake Heinrich 6, Cristoval Nieves 9) at 19:48
Penalties :
Vincent Trocheck (Col) for Interference (Minor) at 5:58, Nick Cousins (Col) for Tripping (Minor) at 10:02, Jarred Tinordi (Col) for Tripping (Minor) at 15:44, Jarred Tinordi (Col) for Tripping (Minor) at 16:07
Goalie Stats
Anton Forsberg (Leh), 30 saves from 31 shots - (0.968), W, 20-15-1, 60:00 minutes
Marek Mazanek (Col), 39 saves from 44 shots - (0.886), L, 19-23-3, 60:00 minutes
Players Stats for Phantoms
Player Name G A P +/- PIM S H SB GA TA FO MP PP MP PK MP
------------------------------------------------------------------------------------
Blake Heinrich 0 1 1 1 0 2 0 1 0 0 0/0 22:17 3:53 1:00
Brandon McMillan 0 0 0 2 0 3 1 0 0 0 1/1 16:25 4:14 0:00
Brendan Leipsic 0 0 0 1 0 0 2 0 0 0 0/0 8:30 0:00 0:00
Calle Jarnkrok 0 2 2 2 2 2 0 2 0 1 12/16 17:06 4:14 0:00
Cristoval Nieves 0 1 1 1 0 2 1 0 1 0 2/3 8:30 0:00 0:00
David Kampf 0 0 0 0 0 0 0 0 0 0 0/0 0:13 0:12 0:00
Devon Teows 0 0 0 0 0 0 0 0 0 0 0/0 10:46 0:00 0:00
Dylan Olsen 0 0 0 1 0 3 4 2 1 0 0/0 26:57 6:09 0:59
Ivan Provorov 0 0 0 1 0 2 1 1 0 0 0/0 22:17 3:53 1:00
Jake Dotchin 0 0 0 1 0 3 0 1 0 0 0/0 26:57 6:09 0:59
Lucas Wallmarkk 0 0 0 0 0 0 0 0 0 0 0/0 0:08 0:07 0:00
Michael Bournival 1 0 1 0 0 3 2 1 1 0 3/3 21:28 5:41 1:00
Morgan Klimchuk 0 0 0 -1 0 2 0 1 0 0 0/0 12:18 0:00 0:30
Nick Shore 0 0 0 -1 0 0 1 1 0 0 0/3 11:48 0:00 0:00
Rinat Valiev 0 0 0 0 0 0 1 0 0 0 0/0 10:46 0:00 0:00
Sven Andrighetto 0 0 0 -1 0 2 0 1 0 0 0/0 12:18 0:00 0:30
Tomas Kubalik 2 0 2 2 0 8 2 0 0 0 2/4 17:36 4:14 0:29
Travis Konecny 1 0 1 1 0 6 1 0 1 0 0/0 8:30 0:00 0:00
Tyler Brenner 1 1 2 0 0 3 1 0 0 1 15/33 21:39 5:41 0:29
Tyler Randell 0 2 2 0 0 3 3 1 1 0 1/2 21:31 5:43 1:00
Players Stats for Eagles
Player Name G A P +/- PIM S H SB GA TA FO MP PP MP PK MP
------------------------------------------------------------------------------------
Anthony Duclair 0 0 0 -1 0 4 0 0 0 0 0/0 13:34 0:00 0:00
Connor Carrick 0 0 0 0 0 1 0 1 0 1 0/0 11:13 0:00 0:00
Daniel Carr 0 0 0 0 0 4 4 0 1 1 0/2 18:41 0:58 3:36
Dmitrij Jaskin 0 0 0 -1 0 0 0 0 0 0 2/4 7:47 0:11 2:31
Drake Caggiula 0 0 0 -1 0 2 3 0 0 0 4/8 14:04 0:00 0:30
Erik Condra 0 0 0 0 0 1 2 0 0 0 2/2 18:27 0:50 2:20
Jared McCann 0 0 0 0 0 0 0 0 0 0 1/1 1:27 0:11 0:00
Jarred Tinordi 0 0 0 -1 4 0 1 1 0 0 0/0 24:12 1:06 4:57
John Ramage 0 1 1 -1 0 0 1 1 0 0 0/0 19:36 0:53 3:45
Jonathan Marchessault 0 0 0 0 0 1 3 0 0 0 6/13 16:05 0:50 0:00
Joseph Blandisi 0 0 0 0 0 3 3 0 0 1 1/2 16:22 0:50 0:13
Mark Mancari 1 0 1 0 0 2 0 0 0 0 2/2 20:53 0:58 5:52
Nick Cousins 0 0 0 -1 2 5 3 0 1 0 0/0 13:59 0:11 0:00
Ryan Murphy 0 0 0 -1 0 0 2 0 0 0 0/0 19:36 0:53 3:45
Stefan Elliott 0 0 0 -1 4 1 1 1 0 2 0/0 26:10 1:06 3:17
Thomas Chabot 0 0 0 0 0 3 0 1 0 0 0/0 15:42 0:00 4:06
Vincent Trocheck 0 1 1 -1 4 4 2 0 0 0 10/29 23:12 0:58 4:30
Xavier Ouellet 0 0 0 0 0 0 0 0 0 0 0/0 3:34 0:00 0:14
Zach Aston-Reese 0 0 0 -1 0 0 0 0 0 0 1/2 5:17 0:00 0:32
3 Stars
1 - Tomas Kubalik (Leh)
2 - Anton Forsberg (Leh)
3 - Tyler Brenner (Leh)
Power Play
Phantoms - 2 on 7 Attempt(s) - 28.57%
Eagles - 0 on 1 Attempt(s) - 0.00%
Penalty Kill
Phantoms - 1 on 1 Attempt(s) - 100.00%
- Score 0 goal in Penalty Kill
Eagles - 5 on 7 Attempt(s) - 71.43%
- Score 0 goal in Penalty Kill
Team Stat
Phantoms - Hits : 20 - Faceoff Wins : 36 - Blocked Shots : 12 - Penalty Minutes : 2
Eagles - Hits : 25 - Faceoff Wins : 29 - Blocked Shots : 5 - Penalty Minutes : 14
Official
Referees : Unknown
Linesman : Unknown
Game Notes
No Game Note
Finance
Level 1 -- Attendance: 1849 (92.45%) -- Ticket Income $64,715
Level 2 -- Attendance: 908 (90.80%) -- Ticket Income $15,436
Total Attendance: 2757 (91.90%)
Total Ticket Income: $80,151
Other Income: $4,008
Total Income: $84,159
Phantoms
5 vs 5 Forward
Center Left Wing Right Wing Time % Phy DF OF
1 Tyler Brenner Michael Bournival Tyler Randell 40 1 2 2
2 Calle Jarnkrok Brandon McMillan Tomas Kubalik 30 1 2 2
3 Nick Shore Morgan Klimchuk Sven Andrighetto 20 1 2 2
4 Cristoval Nieves Brendan Leipsic Travis Konecny 10 1 2 2
5 vs 5 Defense
Defense Defense Time % Phy DF OF
1 Dylan Olsen Jake Dotchin 40 1 2 2
2 Ivan Provorov Blake Heinrich 30 1 2 2
3 Devon Teows Rinat Valiev 20 1 2 2
4 Dylan Olsen Jake Dotchin 10 1 2 2
PowerPlay Forward
Center Left Wing Right Wing Time % Phy DF OF
1 Tyler Brenner Michael Bournival Tyler Randell 60 1 2 2
2 Calle Jarnkrok Brandon McMillan Tomas Kubalik 40 1 2 2
PowerPlay Defense
Defense Defense Time % Phy DF OF
1 Dylan Olsen Jake Dotchin 60 1 2 2
2 Ivan Provorov Blake Heinrich 40 1 2 2
Penalty Kill 4 Players Forward
Center Wing Time % Phy DF OF
1 Tyler Randell Michael Bournival 60 1 2 2
2 Tomas Kubalik Tyler Brenner 40 1 2 2
Penalty Kill 4 Players Defense
Defense Defense Time % Phy DF OF
1 Dylan Olsen Jake Dotchin 60 1 2 2
2 Ivan Provorov Blake Heinrich 40 1 2 2
Penalty Kill - 3 Players Forward
Forward Time % Phy DF OF
1 Tyler Randell 60 1 2 2
2 Michael Bournival 40 1 2 2
Penalty Kill - 3 Players Defense
Defense Defense Time % Phy DF OF
1 Dylan Olsen Jake Dotchin 60 1 2 2
2 Ivan Provorov Blake Heinrich 40 1 2 2
4 vs 4 Forward
Center Wing Time % Phy DF OF
1 Tyler Randell Michael Bournival 60 1 2 2
2 Tomas Kubalik Tyler Brenner 40 1 2 2
4 vs 4 Defense
Defense Defense Time % Phy DF OF
1 Dylan Olsen Jake Dotchin 60 1 2 2
2 Ivan Provorov Blake Heinrich 40 1 2 2
Last Minutes Offensive
Center Left Wing Right Wing Defense Defense
Tyler Brenner Michael Bournival Tyler Randell Dylan Olsen Jake Dotchin
Last Minutes Defensive
Center Left Wing Right Wing Defense Defense
Tyler Brenner Michael Bournival Tyler Randell Dylan Olsen Jake Dotchin
Goaltenders
Starting : Anton Forsberg
Backup : Zachary Fucale
Extra Forwards
Normal : David Kampf, Lucas Wallmarkk, Sven Andrighetto - PP : David Kampf, Lucas Wallmarkk - PK : Sven Andrighetto
Extra Defensemen
Normal : Devon Teows, Rinat Valiev, Ivan Provorov - PP : Devon Teows - PK : Rinat Valiev, Ivan Provorov
Penalty Shots
Tyler Randell, Michael Bournival, Tomas Kubalik, Tyler Brenner, Calle Jarnkrok
Scratches
A.J. Greer (Healthy), JC Lipon (Healthy), Brenden Kichton (Healthy), Cooper Marody (Healthy), Nick Sorensen (Healthy)
Laurent Dauphin (Healthy), Reid McNeill (Healthy), Mark Alt (Healthy), Erik Nystrom (Bruised Left Arm Injury), Justin Kirkland (Healthy)
Anthony Angello (Healthy), Jason Kasdorf (Healthy), Scott Wedgewood (Healthy)
Eagles
5 vs 5 Forward
Center Left Wing Right Wing Time % Phy DF OF
1 Vincent Trocheck Daniel Carr Mark Mancari 40 1 2 2
2 Jonathan Marchessault Joseph Blandisi Erik Condra 30 1 2 2
3 Drake Caggiula Anthony Duclair Nick Cousins 20 1 2 2
4 Zach Aston-Reese Vincent Trocheck Dmitrij Jaskin 10 1 2 2
5 vs 5 Defense
Defense Defense Time % Phy DF OF
1 Stefan Elliott Jarred Tinordi 40 1 2 2
2 John Ramage Ryan Murphy 30 1 2 2
3 Connor Carrick Thomas Chabot 20 1 2 2
4 Xavier Ouellet Stefan Elliott 10 1 2 2
PowerPlay Forward
Center Left Wing Right Wing Time % Phy DF OF
1 Vincent Trocheck Daniel Carr Mark Mancari 60 1 2 2
2 Jonathan Marchessault Joseph Blandisi Erik Condra 40 1 2 2
PowerPlay Defense
Defense Defense Time % Phy DF OF
1 Stefan Elliott Jarred Tinordi 60 1 2 2
2 John Ramage Ryan Murphy 40 1 2 2
Penalty Kill 4 Players Forward
Center Wing Time % Phy DF OF
1 Vincent Trocheck Mark Mancari 60 1 2 2
2 Daniel Carr Erik Condra 40 1 2 2
Penalty Kill 4 Players Defense
Defense Defense Time % Phy DF OF
1 Stefan Elliott Jarred Tinordi 60 1 2 2
2 John Ramage Ryan Murphy 40 1 2 2
Penalty Kill - 3 Players Forward
Forward Time % Phy DF OF
1 Vincent Trocheck 60 1 2 2
2 Mark Mancari 40 1 2 2
Penalty Kill - 3 Players Defense
Defense Defense Time % Phy DF OF
1 Stefan Elliott Jarred Tinordi 60 1 2 2
2 John Ramage Ryan Murphy 40 1 2 2
4 vs 4 Forward
Center Wing Time % Phy DF OF
1 Vincent Trocheck Mark Mancari 60 1 2 2
2 Daniel Carr Erik Condra 40 1 2 2
4 vs 4 Defense
Defense Defense Time % Phy DF OF
1 Stefan Elliott Jarred Tinordi 60 1 2 2
2 John Ramage Ryan Murphy 40 1 2 2
Last Minutes Offensive
Center Left Wing Right Wing Defense Defense
Vincent Trocheck Daniel Carr Mark Mancari Stefan Elliott Jarred Tinordi
Last Minutes Defensive
Center Left Wing Right Wing Defense Defense
Vincent Trocheck Daniel Carr Mark Mancari Stefan Elliott Jarred Tinordi
Goaltenders
Starting : Marek Mazanek
Backup : Darcy Kuemper
Extra Forwards
Normal : Jared McCann, Nick Cousins, Dmitrij Jaskin - PP : Jared McCann, Nick Cousins - PK : Dmitrij Jaskin
Extra Defensemen
Normal : Connor Carrick, Thomas Chabot, Xavier Ouellet - PP : Connor Carrick - PK : Thomas Chabot, Xavier Ouellet
Penalty Shots
Vincent Trocheck, Mark Mancari, Daniel Carr, Erik Condra, Jonathan Marchessault
Scratches
Dominik Kubalik (Healthy), Joel Edmundson (Broken Ribs Injury), Josh Archibald (Healthy), Jonathan Racine (Healthy), Tyler Motte (Healthy)
Chris Calhan (Healthy), Mark Friedman (Healthy), Michael Dal Colle (Healthy), Matteson Iacopelli (Healthy), Adin Hill (Healthy)
Antoine Bibeau (Healthy)
% Time on Ice - Phantoms
Lines # - Real PCT - Wanted PCT - Time Play
Normal Forward
1 - 31% - 40% - 14:48
2 - 27% - 30% - 12:53
3 - 25% - 20% - 11:48
4 - 18% - 10% - 8:30
Normal Defense
1 - 35% - 40% - 16:50
2 - 36% - 30% - 17:24
3 - 22% - 20% - 10:46
4 - 6% - 10% - 2:59
PP Forward
1 - 58% - 60% - 5:48
2 - 42% - 40% - 4:14
PP Defense
1 - 61% - 60% - 6:09
2 - 39% - 40% - 3:53
PK Forward
1 - 76% - 60% - 1:30
2 - 24% - 40% - 0:29
PK Defense
1 - 50% - 60% - 0:59
2 - 50% - 40% - 1:00
PK3 Forward
1 - 0% - 60%
2 - 0% - 40%
PK3 Defense
1 - 0% - 60%
2 - 0% - 40%
44 Forward
1 - 0% - 60%
2 - 0% - 40%
44 Defense
1 - 0% - 60%
2 - 0% - 40%
Last Minute Offensive - 0:00
Last Minute Defensive - 0:00
Total
Forward - 60:00
Defense - 60:00
|
% Time on Ice - Eagles
Lines # - Real PCT - Wanted PCT - Time Play
Normal Forward
1 - 30% - 40% - 14:23
2 - 32% - 30% - 15:17
3 - 28% - 20% - 13:34
4 - 10% - 10% - 4:45
Normal Defense
1 - 39% - 40% - 18:30
2 - 31% - 30% - 14:58
3 - 23% - 20% - 11:13
4 - 7% - 10% - 3:18
PP Forward
1 - 58% - 60% - 1:09
2 - 42% - 40% - 0:50
PP Defense
1 - 55% - 60% - 1:06
2 - 45% - 40% - 0:53
PK Forward
1 - 77% - 60% - 7:42
2 - 23% - 40% - 2:20
PK Defense
1 - 63% - 60% - 6:17
2 - 37% - 40% - 3:45
PK3 Forward
1 - 0% - 60%
2 - 0% - 40%
PK3 Defense
1 - 0% - 60%
2 - 0% - 40%
44 Forward
1 - 0% - 60%
2 - 0% - 40%
44 Defense
1 - 0% - 60%
2 - 0% - 40%
Last Minute Offensive - 0:00
Last Minute Defensive - 0:00
Total
Forward - 60:00
Defense - 60:00
|
Play-by-Play
1st period
0:01 of 1st period - Michael Bournival wins face-off versus Vincent Trocheck in neutral zone.
0:04 of 1st period - Wrist shot by Tyler Randell.
0:04 of 1st period - Shot Misses the Net.
0:31 of 1st period - Snap shot by Tyler Brenner.
0:31 of 1st period - Shot Blocked by Stefan Elliott.
0:34 of 1st period - Icing by Drake Caggiula.
0:35 of 1st period - Drake Caggiula wins face-off versus Tomas Kubalik in Eagles zone.
0:35 of 1st period - Drake Caggiula is hit by Tomas Kubalik.
1:10 of 1st period - Wrist shot by Sven Andrighetto.
1:10 of 1st period - Shot Misses the Net.
1:32 of 1st period - Slapshot by Michael Bournival.
1:32 of 1st period - Shot Misses the Net.
2:17 of 1st period - Erik Condra is hit by Rinat Valiev and loses puck.
2:38 of 1st period - Snap shot by Nick Cousins.
2:38 of 1st period - Stopped by Anton Forsberg with a rebound.
3:46 of 1st period - Slapshot by Anthony Duclair.
3:46 of 1st period - Stopped by Anton Forsberg without a rebound.
3:47 of 1st period - Calle Jarnkrok wins face-off versus Jonathan Marchessault in Phantoms zone.
3:47 of 1st period - Calle Jarnkrok is hit by Jonathan Marchessault.
3:55 of 1st period - Stefan Elliott is hit by Dylan Olsen and loses puck.
4:18 of 1st period - Backhand shot by Anthony Duclair.
4:18 of 1st period - Shot Blocked by Dylan Olsen.
4:32 of 1st period - Morgan Klimchuk is hit by Vincent Trocheck and loses puck.
4:37 of 1st period - Snap shot by Vincent Trocheck.
4:37 of 1st period - Stopped by Anton Forsberg without a rebound.
4:38 of 1st period - Jonathan Marchessault wins face-off versus Calle Jarnkrok in Phantoms zone.
4:47 of 1st period - Snap shot by Joseph Blandisi.
4:47 of 1st period - Stopped by Anton Forsberg without a rebound.
4:48 of 1st period - Calle Jarnkrok wins face-off versus Jonathan Marchessault in Phantoms zone.
5:25 of 1st period - Wrist shot by Brandon McMillan.
5:25 of 1st period - Stopped by Marek Mazanek without a rebound.
5:26 of 1st period - Tyler Brenner wins face-off versus Vincent Trocheck in Eagles zone.
5:33 of 1st period - Slapshot by Tyler Randell.
5:33 of 1st period - Shot Blocked by Thomas Chabot.
5:35 of 1st period - Minor Penalty to Vincent Trocheck for Hooking.
5:36 of 1st period - Tyler Brenner wins face-off versus Dmitrij Jaskin in Eagles zone.
5:41 of 1st period - Backhand shot by Michael Bournival.
5:41 of 1st period - Goal by Michael Bournival - Phantoms : 1 - Eagles : 0.
5:42 of 1st period - Vincent Trocheck wins face-off versus Tyler Brenner in neutral zone.
6:34 of 1st period - Snap shot by Sven Andrighetto.
6:34 of 1st period - Stopped by Marek Mazanek with a rebound.
6:36 of 1st period - Wrist shot by Dylan Olsen.
6:36 of 1st period - Deflect By Stefan Elliott.
6:36 of 1st period - Stopped by Marek Mazanek without a rebound.
6:37 of 1st period - Calle Jarnkrok wins face-off versus Jonathan Marchessault in Eagles zone.
6:42 of 1st period - Snap shot by Tomas Kubalik.
6:42 of 1st period - Stopped by Marek Mazanek with a rebound.
7:24 of 1st period - Wrist shot by Nick Cousins.
7:24 of 1st period - Shot Hit the Post.
7:50 of 1st period - Backhand shot by Cristoval Nieves.
7:50 of 1st period - Stopped by Marek Mazanek without a rebound.
7:51 of 1st period - Cristoval Nieves wins face-off versus Vincent Trocheck in Eagles zone.
8:00 of 1st period - Snap shot by Cristoval Nieves.
8:00 of 1st period - Shot Misses the Net.
8:02 of 1st period - Snap shot by Jake Dotchin.
8:02 of 1st period - Shot Blocked by John Ramage.
8:30 of 1st period - Wrist shot by Michael Bournival.
8:30 of 1st period - Shot Misses the Net.
8:48 of 1st period - Wrist shot by Anthony Duclair.
8:48 of 1st period - Shot Misses the Net.
9:08 of 1st period - Vincent Trocheck is hit by Dylan Olsen and loses puck.
9:57 of 1st period - Minor Penalty to Stefan Elliott for Holding.
9:58 of 1st period - Tyler Brenner wins face-off versus Vincent Trocheck in Eagles zone.
10:14 of 1st period - Snap shot by Tyler Brenner.
10:14 of 1st period - Stopped by Marek Mazanek without a rebound.
10:15 of 1st period - Tomas Kubalik wins face-off versus Dmitrij Jaskin in Eagles zone.
10:40 of 1st period - Tyler Brenner is hit by Daniel Carr and loses puck.
11:50 of 1st period - Slapshot by Erik Condra.
11:50 of 1st period - Shot Blocked by Tyler Randell.
11:57 of 1st period - Penalty to Stefan Elliott is over, Stefan Elliott is back on ice.
13:20 of 1st period - Icing by Jarred Tinordi.
13:21 of 1st period - Calle Jarnkrok wins face-off versus Drake Caggiula in Eagles zone.
13:26 of 1st period - Wrist shot by Calle Jarnkrok.
13:26 of 1st period - Shot Misses the Net.
13:28 of 1st period - Snap shot by Tomas Kubalik.
13:28 of 1st period - Stopped by Marek Mazanek without a rebound.
13:29 of 1st period - Calle Jarnkrok wins face-off versus Vincent Trocheck in Eagles zone.
13:30 of 1st period - Snap shot by Tomas Kubalik.
13:30 of 1st period - Stopped by Marek Mazanek with a rebound.
13:32 of 1st period - Snap shot by Tomas Kubalik.
13:32 of 1st period - Goal by Tomas Kubalik - Phantoms : 2 - Eagles : 0.
13:33 of 1st period - Vincent Trocheck wins face-off versus Tyler Brenner in neutral zone.
13:58 of 1st period - Jarred Tinordi is hit by Nick Shore.
14:10 of 1st period - Wrist shot by Vincent Trocheck.
14:10 of 1st period - Stopped by Anton Forsberg with a rebound.
14:14 of 1st period - Wrist shot by Vincent Trocheck.
14:14 of 1st period - Shot Misses the Net.
14:16 of 1st period - Snap shot by Mark Mancari.
14:16 of 1st period - Goal by Mark Mancari - Phantoms : 2 - Eagles : 1.
14:17 of 1st period - Erik Condra wins face-off versus Tyler Brenner in neutral zone.
14:47 of 1st period - Icing by Tomas Kubalik.
14:48 of 1st period - Calle Jarnkrok wins face-off versus Drake Caggiula in Phantoms zone.
14:48 of 1st period - Calle Jarnkrok is hit by Drake Caggiula.
15:09 of 1st period - Off-side.
15:10 of 1st period - Mark Mancari wins face-off versus Tyler Brenner in neutral zone.
15:45 of 1st period - Snap shot by Calle Jarnkrok.
15:45 of 1st period - Stopped by Marek Mazanek with a rebound.
15:47 of 1st period - Wrist shot by Tomas Kubalik.
15:47 of 1st period - Shot Misses the Net.
15:49 of 1st period - Snap shot by Calle Jarnkrok.
15:49 of 1st period - Shot Misses the Net.
16:19 of 1st period - Stefan Elliott is hit by Cristoval Nieves and loses puck.
17:05 of 1st period - Snap shot by Vincent Trocheck.
17:05 of 1st period - Stopped by Anton Forsberg without a rebound.
17:06 of 1st period - Tomas Kubalik wins face-off versus Vincent Trocheck in Phantoms zone.
17:38 of 1st period - Calle Jarnkrok is hit by Drake Caggiula and loses puck.
18:39 of 1st period - Jonathan Marchessault is hit by Dylan Olsen and loses puck.
19:15 of 1st period - Snap shot by Nick Cousins.
19:15 of 1st period - Shot Blocked by Calle Jarnkrok.
19:17 of 1st period - Wrist shot by Anthony Duclair.
19:17 of 1st period - Shot Blocked by Calle Jarnkrok.
19:27 of 1st period - Dmitrij Jaskin is hit by Travis Konecny.
19:47 of 1st period - Ivan Provorov is hit by Daniel Carr and loses puck.
Goals for this period are 2 for Phantoms vs 1 for Eagles.
Shots for this period are 11 for Phantoms vs 7 for Eagles.
2nd period
0:01 of 2nd period - Tyler Brenner wins face-off versus Vincent Trocheck in neutral zone.
0:32 of 2nd period - Slapshot by Dylan Olsen.
0:32 of 2nd period - Stopped by Marek Mazanek without a rebound.
0:33 of 2nd period - Calle Jarnkrok wins face-off versus Joseph Blandisi in Eagles zone.
0:44 of 2nd period - Snap shot by Tomas Kubalik.
0:44 of 2nd period - Deflect By Brandon McMillan.
0:44 of 2nd period - Stopped by Marek Mazanek without a rebound.
0:45 of 2nd period - Vincent Trocheck wins face-off versus Tyler Brenner in Eagles zone.
1:10 of 2nd period - Tomas Kubalik is hit by Jarred Tinordi and loses puck.
1:57 of 2nd period - Snap shot by Mark Mancari.
1:57 of 2nd period - Shot Misses the Net.
1:59 of 2nd period - Slapshot by Daniel Carr.
1:59 of 2nd period - Stopped by Anton Forsberg without a rebound.
2:00 of 2nd period - Calle Jarnkrok wins face-off versus Vincent Trocheck in Phantoms zone.
2:06 of 2nd period - Icing by Tomas Kubalik.
2:07 of 2nd period - Calle Jarnkrok wins face-off versus Daniel Carr in Phantoms zone.
2:40 of 2nd period - Snap shot by Joseph Blandisi.
2:40 of 2nd period - Deflect By Jonathan Marchessault.
2:40 of 2nd period - Stopped by Anton Forsberg with a rebound.
2:54 of 2nd period - Wrist shot by Nick Shore.
2:54 of 2nd period - Shot Misses the Net.
2:56 of 2nd period - Snap shot by Nick Shore.
2:56 of 2nd period - Shot Misses the Net.
2:58 of 2nd period - Snap shot by Morgan Klimchuk.
2:58 of 2nd period - Shot Misses the Net.
3:00 of 2nd period - Slapshot by Morgan Klimchuk.
3:00 of 2nd period - Shot Misses the Net.
3:02 of 2nd period - Snap shot by Nick Shore.
3:02 of 2nd period - Shot Misses the Net.
3:04 of 2nd period - Wrist shot by Morgan Klimchuk.
3:04 of 2nd period - Stopped by Marek Mazanek with a rebound.
3:14 of 2nd period - Travis Konecny is hit by Vincent Trocheck and loses puck.
4:10 of 2nd period - Wrist shot by Nick Cousins.
4:10 of 2nd period - Stopped by Anton Forsberg without a rebound.
4:11 of 2nd period - Jonathan Marchessault wins face-off versus Tyler Brenner in Phantoms zone.
4:16 of 2nd period - Snap shot by Jonathan Marchessault.
4:16 of 2nd period - Shot Misses the Net.
4:38 of 2nd period - Brandon McMillan is hit by Daniel Carr and loses puck.
4:47 of 2nd period - Snap shot by Daniel Carr.
4:47 of 2nd period - Stopped by Anton Forsberg with a rebound.
5:18 of 2nd period - Nick Shore is hit by Drake Caggiula and loses puck.
5:47 of 2nd period - Jonathan Marchessault is hit by Dylan Olsen and loses puck.
6:12 of 2nd period - Snap shot by Tomas Kubalik.
6:12 of 2nd period - Shot Misses the Net.
6:28 of 2nd period - Wrist shot by Calle Jarnkrok.
6:28 of 2nd period - Shot Misses the Net.
6:34 of 2nd period - Michael Bournival is hit by Nick Cousins and loses puck.
7:17 of 2nd period - Snap shot by Brandon McMillan.
7:17 of 2nd period - Stopped by Marek Mazanek with a rebound.
7:19 of 2nd period - Slapshot by Blake Heinrich.
7:19 of 2nd period - Stopped by Marek Mazanek with a rebound.
7:31 of 2nd period - Wrist shot by Jonathan Marchessault.
7:31 of 2nd period - Shot Misses the Net.
7:33 of 2nd period - Snap shot by Erik Condra.
7:33 of 2nd period - Stopped by Anton Forsberg without a rebound.
7:34 of 2nd period - Jonathan Marchessault wins face-off versus Tyler Brenner in Phantoms zone.
7:47 of 2nd period - Slapshot by Jarred Tinordi.
7:47 of 2nd period - Shot Misses the Net.
8:01 of 2nd period - Wrist shot by Daniel Carr.
8:01 of 2nd period - Stopped by Anton Forsberg without a rebound.
8:02 of 2nd period - Brandon McMillan wins face-off versus Vincent Trocheck in Phantoms zone.
8:02 of 2nd period - Brandon McMillan is hit by Ryan Murphy.
8:10 of 2nd period - Snap shot by Tomas Kubalik.
8:10 of 2nd period - Stopped by Marek Mazanek with a rebound.
8:34 of 2nd period - Snap shot by Tyler Randell.
8:34 of 2nd period - Stopped by Marek Mazanek with a rebound.
8:58 of 2nd period - Snap shot by Anthony Duclair.
8:58 of 2nd period - Stopped by Anton Forsberg without a rebound.
8:59 of 2nd period - Tyler Brenner wins face-off versus Vincent Trocheck in Phantoms zone.
9:04 of 2nd period - Snap shot by Vincent Trocheck.
9:04 of 2nd period - Shot Misses the Net.
9:06 of 2nd period - Slapshot by Jarred Tinordi.
9:06 of 2nd period - Deflect By Daniel Carr.
9:06 of 2nd period - Shot Blocked by Michael Bournival.
9:06 of 2nd period - Puck is out of play.
9:07 of 2nd period - Mark Mancari wins face-off versus Tyler Brenner in Phantoms zone.
9:12 of 2nd period - Slapshot by Mark Mancari.
9:12 of 2nd period - Deflect By Vincent Trocheck.
9:12 of 2nd period - Stopped by Anton Forsberg without a rebound.
9:13 of 2nd period - Tyler Brenner wins face-off versus Vincent Trocheck in Phantoms zone.
9:39 of 2nd period - Tomas Kubalik is hit by Stefan Elliott and loses puck.
9:44 of 2nd period - Snap shot by Erik Condra.
9:44 of 2nd period - Shot Blocked by Dylan Olsen.
9:46 of 2nd period - Wrist shot by Joseph Blandisi.
9:46 of 2nd period - Shot Misses the Net.
10:47 of 2nd period - Blake Heinrich is hit by Jonathan Marchessault.
10:53 of 2nd period - Vincent Trocheck is hit by Tyler Randell.
11:00 of 2nd period - Wrist shot by Daniel Carr.
11:00 of 2nd period - Stopped by Anton Forsberg without a rebound.
11:01 of 2nd period - Jonathan Marchessault wins face-off versus Calle Jarnkrok in Phantoms zone.
11:10 of 2nd period - Snap shot by Joseph Blandisi.
11:10 of 2nd period - Stopped by Anton Forsberg without a rebound.
11:11 of 2nd period - Tyler Brenner wins face-off versus Jonathan Marchessault in Phantoms zone.
12:17 of 2nd period - Icing by Jake Dotchin.
12:18 of 2nd period - Cristoval Nieves wins face-off versus Drake Caggiula in Phantoms zone.
12:32 of 2nd period - Slapshot by Tyler Randell.
12:32 of 2nd period - Stopped by Marek Mazanek without a rebound.
12:33 of 2nd period - Calle Jarnkrok wins face-off versus Daniel Carr in Eagles zone.
12:36 of 2nd period - Wrist shot by Calle Jarnkrok.
12:36 of 2nd period - Stopped by Marek Mazanek without a rebound.
12:37 of 2nd period - Vincent Trocheck wins face-off versus Calle Jarnkrok in Eagles zone.
12:41 of 2nd period - Off-side.
12:42 of 2nd period - Calle Jarnkrok wins face-off versus Vincent Trocheck in neutral zone.
12:58 of 2nd period - Wrist shot by Mark Mancari.
12:58 of 2nd period - Shot Misses the Net.
13:00 of 2nd period - Wrist shot by Daniel Carr.
13:00 of 2nd period - Shot Misses the Net.
13:02 of 2nd period - Slapshot by Thomas Chabot.
13:02 of 2nd period - Shot Misses the Net.
13:04 of 2nd period - Wrist shot by Mark Mancari.
13:04 of 2nd period - Stopped by Anton Forsberg without a rebound.
13:05 of 2nd period - Tyler Brenner wins face-off versus Jonathan Marchessault in Phantoms zone.
13:05 of 2nd period - Tyler Brenner is hit by Joseph Blandisi.
13:13 of 2nd period - Snap shot by Tyler Randell.
13:13 of 2nd period - Shot Misses the Net.
14:00 of 2nd period - Snap shot by Jake Dotchin.
14:00 of 2nd period - Stopped by Marek Mazanek with a rebound.
14:02 of 2nd period - Snap shot by Sven Andrighetto.
14:02 of 2nd period - Shot Blocked by Connor Carrick.
14:04 of 2nd period - Slapshot by Jake Dotchin.
14:04 of 2nd period - Deflect By Connor Carrick.
14:04 of 2nd period - Stopped by Marek Mazanek without a rebound.
14:05 of 2nd period - Vincent Trocheck wins face-off versus Tyler Brenner in Eagles zone.
14:30 of 2nd period - Tomas Kubalik is hit by Erik Condra and loses puck.
14:49 of 2nd period - Minor Penalty to Calle Jarnkrok for Interference.
14:50 of 2nd period - Vincent Trocheck wins face-off versus Tyler Randell in Phantoms zone.
15:05 of 2nd period - Snap shot by Daniel Carr.
15:05 of 2nd period - Shot Blocked by Jake Dotchin.
15:11 of 2nd period - Daniel Carr is hit by Michael Bournival and loses puck.
16:39 of 2nd period - Off-side.
16:40 of 2nd period - Jared McCann wins face-off versus Tomas Kubalik in neutral zone.
16:49 of 2nd period - Penalty to Calle Jarnkrok is over, Calle Jarnkrok is back on ice.
16:50 of 2nd period - Calle Jarnkrok is hit by Nick Cousins.
17:40 of 2nd period - Slapshot by Nick Shore.
17:40 of 2nd period - Shot Misses the Net.
17:42 of 2nd period - Wrist shot by Morgan Klimchuk.
17:42 of 2nd period - Stopped by Marek Mazanek without a rebound.
17:43 of 2nd period - Jonathan Marchessault wins face-off versus Nick Shore in Eagles zone.
17:52 of 2nd period - Snap shot by Erik Condra.
17:52 of 2nd period - Deflect By Joseph Blandisi.
17:52 of 2nd period - Shot Blocked by Nick Shore.
17:52 of 2nd period - Puck is out of play.
17:53 of 2nd period - Erik Condra wins face-off versus Nick Shore in Phantoms zone.
18:30 of 2nd period - Slapshot by Thomas Chabot.
18:30 of 2nd period - Stopped by Anton Forsberg with a rebound.
18:32 of 2nd period - Slapshot by Jonathan Marchessault.
18:32 of 2nd period - Shot Misses the Net.
18:40 of 2nd period - Wrist shot by Joseph Blandisi.
18:40 of 2nd period - Stopped by Anton Forsberg with a rebound.
18:42 of 2nd period - Slapshot by Connor Carrick.
18:42 of 2nd period - Stopped by Anton Forsberg without a rebound.
18:43 of 2nd period - Vincent Trocheck wins face-off versus Tyler Brenner in Phantoms zone.
18:52 of 2nd period - Snap shot by Tyler Brenner.
18:52 of 2nd period - Shot Misses the Net.
19:04 of 2nd period - Minor Penalty to Stefan Elliott for Holding.
19:05 of 2nd period - Vincent Trocheck wins face-off versus Tyler Brenner in Eagles zone.
19:05 of 2nd period - Vincent Trocheck is hit by Tyler Randell.
Goals for this period are 0 for Phantoms vs 0 for Eagles.
Shots for this period are 12 for Phantoms vs 14 for Eagles.
3rd period
0:01 of 3rd period - Vincent Trocheck wins face-off versus Tyler Brenner in neutral zone.
0:06 of 3rd period - Snap shot by Thomas Chabot.
0:06 of 3rd period - Stopped by Anton Forsberg with a rebound.
0:12 of 3rd period - Slapshot by Dylan Olsen.
0:12 of 3rd period - Deflect By Tyler Brenner.
0:12 of 3rd period - Shot Misses the Net.
0:12 of 3rd period - Puck is out of play.
0:13 of 3rd period - Tyler Brenner wins face-off versus Vincent Trocheck in Eagles zone.
0:14 of 3rd period - Snap shot by Michael Bournival.
0:14 of 3rd period - Stopped by Marek Mazanek with a rebound.
1:04 of 3rd period - Penalty to Stefan Elliott is over, Stefan Elliott is back on ice.
1:30 of 3rd period - Rinat Valiev is hit by Joseph Blandisi and loses puck.
1:37 of 3rd period - Slapshot by Dylan Olsen.
1:37 of 3rd period - Stopped by Marek Mazanek without a rebound.
1:38 of 3rd period - Tyler Brenner wins face-off versus Jonathan Marchessault in Eagles zone.
1:41 of 3rd period - Wrist shot by Michael Bournival.
1:41 of 3rd period - Stopped by Marek Mazanek with a rebound.
1:43 of 3rd period - Slapshot by Jake Dotchin.
1:43 of 3rd period - Deflect By Tyler Brenner.
1:43 of 3rd period - Stopped by Marek Mazanek without a rebound.
1:44 of 3rd period - Michael Bournival wins face-off versus Jonathan Marchessault in Eagles zone.
2:09 of 3rd period - Vincent Trocheck is hit by Tomas Kubalik and loses puck.
3:01 of 3rd period - Cristoval Nieves is hit by Jonathan Marchessault and loses puck.
3:27 of 3rd period - Icing by Zach Aston-Reese.
3:28 of 3rd period - Calle Jarnkrok wins face-off versus Zach Aston-Reese in Eagles zone.
3:29 of 3rd period - Wrist shot by Tomas Kubalik.
3:29 of 3rd period - Goal by Tomas Kubalik - Phantoms : 3 - Eagles : 1.
3:30 of 3rd period - Michael Bournival wins face-off versus Vincent Trocheck in neutral zone.
3:33 of 3rd period - Vincent Trocheck is hit by Tyler Randell and loses puck.
4:08 of 3rd period - Snap shot by Calle Jarnkrok.
4:08 of 3rd period - Shot Blocked by Jarred Tinordi.
4:20 of 3rd period - Snap shot by Nick Shore.
4:20 of 3rd period - Deflect By Sven Andrighetto.
4:20 of 3rd period - Stopped by Marek Mazanek with a rebound.
4:22 of 3rd period - Snap shot by Ivan Provorov.
4:22 of 3rd period - Shot Misses the Net.
4:24 of 3rd period - Slapshot by Ivan Provorov.
4:24 of 3rd period - Stopped by Marek Mazanek with a rebound.
4:38 of 3rd period - Drake Caggiula is hit by Brendan Leipsic.
4:42 of 3rd period - Slapshot by Stefan Elliott.
4:42 of 3rd period - Stopped by Anton Forsberg with a rebound.
4:44 of 3rd period - Snap shot by Nick Cousins.
4:44 of 3rd period - Shot Misses the Net.
4:46 of 3rd period - Slapshot by John Ramage.
4:46 of 3rd period - Shot Blocked by Ivan Provorov.
4:48 of 3rd period - Slapshot by Ryan Murphy.
4:48 of 3rd period - Shot Misses the Net.
4:54 of 3rd period - Snap shot by Anthony Duclair.
4:54 of 3rd period - Stopped by Anton Forsberg with a rebound.
4:56 of 3rd period - Wrist shot by Nick Cousins.
4:56 of 3rd period - Shot Blocked by Blake Heinrich.
4:58 of 3rd period - Wrist shot by Drake Caggiula.
4:58 of 3rd period - Shot Misses the Net.
5:20 of 3rd period - Wrist shot by Cristoval Nieves.
5:20 of 3rd period - Stopped by Marek Mazanek with a rebound.
5:22 of 3rd period - Slapshot by Ivan Provorov.
5:22 of 3rd period - Shot Misses the Net.
5:40 of 3rd period - Wrist shot by Nick Cousins.
5:40 of 3rd period - Stopped by Anton Forsberg with a rebound.
5:50 of 3rd period - Slapshot by Thomas Chabot.
5:50 of 3rd period - Deflect By Travis Konecny.
5:50 of 3rd period - Stopped by Anton Forsberg without a rebound.
5:51 of 3rd period - Tyler Brenner wins face-off versus Vincent Trocheck in Phantoms zone.
5:51 of 3rd period - Tyler Brenner is hit by Daniel Carr.
5:58 of 3rd period - Minor Penalty to Vincent Trocheck for Interference.
5:59 of 3rd period - Dmitrij Jaskin wins face-off versus Tyler Brenner in Eagles zone.
6:25 of 3rd period - Snap shot by Tomas Kubalik.
6:25 of 3rd period - Stopped by Marek Mazanek without a rebound.
6:26 of 3rd period - Dmitrij Jaskin wins face-off versus Calle Jarnkrok in Eagles zone.
6:55 of 3rd period - Ryan Murphy is hit by Michael Bournival and loses puck.
7:58 of 3rd period - Penalty to Vincent Trocheck is over, Vincent Trocheck is back on ice.
8:31 of 3rd period - Snap shot by Travis Konecny.
8:31 of 3rd period - Stopped by Marek Mazanek with a rebound.
8:43 of 3rd period - Wrist shot by Nick Shore.
8:43 of 3rd period - Shot Misses the Net.
8:55 of 3rd period - Slapshot by Dylan Olsen.
8:55 of 3rd period - Shot Misses the Net.
8:57 of 3rd period - Backhand shot by Jake Dotchin.
8:57 of 3rd period - Stopped by Marek Mazanek without a rebound.
8:58 of 3rd period - Zach Aston-Reese wins face-off versus Tyler Brenner in Eagles zone.
9:59 of 3rd period - Slapshot by Ivan Provorov.
9:59 of 3rd period - Stopped by Marek Mazanek without a rebound.
10:00 of 3rd period - Drake Caggiula wins face-off versus Tyler Brenner in Eagles zone.
10:02 of 3rd period - Minor Penalty to Nick Cousins for Tripping.
10:03 of 3rd period - Vincent Trocheck wins face-off versus Tyler Brenner in Eagles zone.
12:02 of 3rd period - Penalty to Nick Cousins is over, Nick Cousins is back on ice.
12:15 of 3rd period - Snap shot by Drake Caggiula.
12:15 of 3rd period - Stopped by Anton Forsberg without a rebound.
12:16 of 3rd period - Jonathan Marchessault wins face-off versus Nick Shore in Phantoms zone.
12:43 of 3rd period - Travis Konecny is hit by Nick Cousins and loses puck.
12:57 of 3rd period - Icing by Stefan Elliott.
12:58 of 3rd period - Tyler Brenner wins face-off versus Drake Caggiula in Eagles zone.
13:23 of 3rd period - Stefan Elliott is hit by Brandon McMillan.
13:29 of 3rd period - Snap shot by Tomas Kubalik.
13:29 of 3rd period - Stopped by Marek Mazanek with a rebound.
13:31 of 3rd period - Wrist shot by Blake Heinrich.
13:31 of 3rd period - Stopped by Marek Mazanek with a rebound.
13:33 of 3rd period - Snap shot by Calle Jarnkrok.
13:33 of 3rd period - Shot Misses the Net.
13:52 of 3rd period - Stefan Elliott is hit by Ivan Provorov and loses puck.
14:25 of 3rd period - Snap shot by Stefan Elliott.
14:25 of 3rd period - Shot Misses the Net.
14:27 of 3rd period - Snap shot by Drake Caggiula.
14:27 of 3rd period - Stopped by Anton Forsberg without a rebound.
14:28 of 3rd period - Drake Caggiula wins face-off versus Cristoval Nieves in Phantoms zone.
14:29 of 3rd period - Snap shot by Nick Cousins.
14:29 of 3rd period - Stopped by Anton Forsberg without a rebound.
14:30 of 3rd period - Drake Caggiula wins face-off versus Tyler Brenner in Phantoms zone.
14:31 of 3rd period - Wrist shot by Nick Cousins.
14:31 of 3rd period - Stopped by Anton Forsberg with a rebound.
14:55 of 3rd period - Calle Jarnkrok is hit by John Ramage and loses puck.
15:20 of 3rd period - Nick Shore is hit by Erik Condra.
15:40 of 3rd period - Snap shot by Tyler Randell.
15:40 of 3rd period - Stopped by Marek Mazanek without a rebound.
15:41 of 3rd period - Joseph Blandisi wins face-off versus Tyler Brenner in Eagles zone.
15:41 of 3rd period - Joseph Blandisi is hit by Tyler Brenner.
15:44 of 3rd period - Minor Penalty to Jarred Tinordi for Tripping.
15:45 of 3rd period - Tyler Brenner wins face-off versus Vincent Trocheck in Eagles zone.
15:45 of 3rd period - Snap shot by Tyler Randell.
15:45 of 3rd period - Deflect By Tyler Brenner.
15:45 of 3rd period - Goal by Tyler Brenner - Phantoms : 4 - Eagles : 1.
15:46 of 3rd period - Tyler Brenner wins face-off versus Vincent Trocheck in neutral zone.
16:07 of 3rd period - Minor Penalty to Jarred Tinordi for Tripping.
16:08 of 3rd period - Tyler Brenner wins face-off versus Vincent Trocheck in Eagles zone.
16:13 of 3rd period - Wrist shot by Michael Bournival.
16:13 of 3rd period - Shot Misses the Net.
18:07 of 3rd period - Penalty to Jarred Tinordi is over, Jarred Tinordi is back on ice.
18:16 of 3rd period - Snap shot by Stefan Elliott.
18:16 of 3rd period - Shot Blocked by Morgan Klimchuk.
18:24 of 3rd period - Wrist shot by Anthony Duclair.
18:24 of 3rd period - Stopped by Anton Forsberg with a rebound.
18:26 of 3rd period - Slapshot by Thomas Chabot.
18:26 of 3rd period - Shot Blocked by Sven Andrighetto.
18:36 of 3rd period - Erik Condra is hit by Brendan Leipsic.
18:46 of 3rd period - Brendan Leipsic is hit by Joseph Blandisi and loses puck.
18:57 of 3rd period - Ivan Provorov is hit by Ryan Murphy and loses puck.
19:20 of 3rd period - Wrist shot by Travis Konecny.
19:20 of 3rd period - Stopped by Marek Mazanek with a rebound.
19:22 of 3rd period - Slapshot by Travis Konecny.
19:22 of 3rd period - Shot Misses the Net.
19:24 of 3rd period - Snap shot by Brendan Leipsic.
19:24 of 3rd period - Shot Misses the Net.
19:30 of 3rd period - Wrist shot by Cristoval Nieves.
19:30 of 3rd period - Deflect By Travis Konecny.
19:30 of 3rd period - Stopped by Marek Mazanek with a rebound.
19:32 of 3rd period - Slapshot by Ivan Provorov.
19:32 of 3rd period - Deflect By Travis Konecny.
19:32 of 3rd period - Stopped by Marek Mazanek with a rebound.
19:46 of 3rd period - Slapshot by Travis Konecny.
19:46 of 3rd period - Stopped by Marek Mazanek with a rebound.
19:48 of 3rd period - Slapshot by Blake Heinrich.
19:48 of 3rd period - Deflect By Travis Konecny.
19:48 of 3rd period - Goal by Travis Konecny - Phantoms : 5 - Eagles : 1.
19:49 of 3rd period - Tyler Randell wins face-off versus Vincent Trocheck in neutral zone.
Goals for this period are 3 for Phantoms vs 0 for Eagles.
Shots for this period are 21 for Phantoms vs 10 for Eagles.